 Dungeon Crawl Stone Soup version 0.28-a0-1080-g05a166d0ed (webtiles) character file.

Game seed: 14662538284280218733

343 horus123 the Conjurer (level 6, -3/32 HPs)
             Began as a Deep Elf Conjurer on Dec 9, 2021.
             Was a Follower of Qazlal.
             Slain by Duvessa (10 damage)
             ... on level 4 of the Dungeon.
             The game lasted 00:07:47 (4329 turns).

horus123 the Conjurer (Deep Elf Conjurer)           Turns: 4329, Time: 00:07:47

Health: -3/32      AC:  5    Str:  4    XL:     6   Next: 31%
Magic:  5/17       EV: 16    Int: 25    God:    Qazlal [*.....]
Gold:   233        SH:  1    Dex: 13    Spells: 3/17 levels left

rFire   + . .      SeeInvis .   e - +0 falchion (holy)
rCold   . . .      Faith    .   (no shield)
rNeg    . . .      Spirit   .   f - +2 animal skin
rPois   .          Reflect  .   g - +0 helmet
rElec   .          Harm     .   (no cloak)
rCorr   .          Rampage  .   (no gloves)
Will    .....                   (no boots)
Stlth   ++........              (no amulet)
HPRegen 0.10/turn               c - ring of protection from fire
MPRegen 0.15/turn               j - +4 ring of evasion

@: no status effects
A: no striking features
a: Renounce Religion


You were on level 4 of the Dungeon.
You worshipped Qazlal.
Qazlal was aware of your devotion.
You visited 2 branches of the dungeon, and saw 5 of its levels.

You collected 233 gold pieces.

Inventory:

Hand Weapons
 e - a +0 falchion of holy wrath (weapon)
Armour
 a - a +0 robe
 f - a +2 animal skin (worn)
 g - a +0 helmet (worn)
Jewellery
 c - a ring of protection from fire (left hand)
 j - a +4 ring of evasion (right hand)
 k - a ring of resist corrosion
Wands
 b - a wand of flame (2)
Scrolls
 d - a scroll of teleportation {unknown}
 h - 4 scrolls of identify
Potions
 i - a potion of might {unknown}
 m - a potion of degeneration {unknown}


   Skills:
 - Level 2.4 Dodging
 - Level 2.4 Stealth
 - Level 6.0 Spellcasting
 + Level 6.6 Conjurations
 - Level 3.0 Hexes


You had 3 spell levels left.
You knew the following spells:

 Your Spells              Type           Power      Damage    Failure   Level
a - Magic Dart            Conj           100%       1d8       1%          1
b - Searing Ray           Conj           80%        2d7       1%          2
c - Dazzling Flash        Conj/Hex       62%        N/A       3%          3
d - Fulminant Prism       Conj/Hex       15%        3d11      11%         4
e - Iskenderun's Mystic   Conj/Tloc      24%        2d7       19%         4

Your spell library contained the following spells:

 Spells                   Type           Power      Damage    Failure   Level


Dungeon Overview and Level Annotations

Branches:
Dungeon (4/15)             Temple (1/1) D:4

Altars:
Ashenzari
Hepliaklqana
Kikubaaqudgha
Nemelex Xobeh
Okawaru
Qazlal
Ru
Sif Muna
Trog
Wu Jian
Xom
Yredelemnul

Annotations:
D:4 Duvessa


Message History

(Press . to maintain the ray.)
Your fulminant prism explodes!
The blast of energy engulfs Dowan!
Dowan is almost dead.
Unknown command.
The searing ray hits Duvessa!
Duvessa is moderately wounded.
The searing ray hits Dowan.
You kill Dowan!
Qazlal accepts your kill.
Duvessa screams in rage.
Duvessa goes berserk!
You block Duvessa's attack.
The searing ray hits Duvessa but does no damage.
Duvessa is moderately wounded.
Duvessa closely misses you. x2
The searing ray hits Duvessa.
Duvessa is moderately wounded.
You finish channelling your searing ray.
Duvessa hits you with a +0 short sword!
Okay, then.
Aiming: Corrosive Bolt
Press: ? - help, Shift-Dir - straight line, f/p - Duvessa
Aim: Duvessa, wielding a +0 short sword and wearing a +0 ring mail (moderately wounded, berserk, 79% to hit)
The bolt of acid misses Duvessa.
The now-empty wand crumbles to dust.
Duvessa misses you. Duvessa hits you with a +0 short sword!
Okay, then.
Casting: Searing Ray (safe; 1% risk of failure)
Confirm with . or Enter, or press ? or * to list all spells.
Aiming: Searing Ray (safe; 1% risk of failure)
Press: ? - help, Shift-Dir - straight line, f/p - Duvessa
Aim: Duvessa, wielding a +0 short sword and wearing a +0 ring mail (moderately wounded, berserk, 87% to hit)
The searing ray hits Duvessa.
Duvessa is heavily wounded. (Press . to maintain the ray.) Duvessa hits you with a +0 short sword!
* * * LOW HITPOINT WARNING * * *
The searing ray hits Duvessa.
Duvessa is heavily wounded.
Duvessa hits you with a +0 short sword!
You die...

... #.......#.#####
## #+#...#'#.#
#...#.#.# # ##+##...#
# #.##.# #+# ###
#.##.# ..# ...+ #.
#.##.#
#####...###...##.##.#
'.#.^.....#..).e@##.#
#.#'# #......##.#
....# ........##.#
....# #........ ....#
#######.. #.#'## #
...# +.#..##.# ..##
###.....# ..#
##......#


You could see Duvessa (berserk).

Vanquished Creatures
  An ogre (D:4)
  Dowan (D:4)
  A hound (D:4)
  Jessica (D:3)
  Robin (D:2)
  6 adders
  2 worms
  A dart slug (D:1)
  5 orcs (D:2)
  6 ball pythons
  5 endoplasms
  2 giant cockroaches
  5 hobgoblins
  4 jackals (D:1)
  9 kobolds
  3 quokkas
  3 bats
  4 frilled lizards
  14 goblins
  4 rats
78 creatures vanquished.

Vanquished Creatures (others)
  A fulminant prism (D:4)
1 creature vanquished.

Grand Total: 79 creatures vanquished

Notes
Turn   | Place    | Note
-------+----------+-------------------------------------------
     0 | D:1      | horus123 the Deep Elf Conjurer began the quest for the Orb.
     0 | D:1      | Reached XP level 1. HP: 10/10 MP: 6/6
   262 | D:1      | Found a faded altar of an unknown god.
   377 | D:1      | Reached XP level 2. HP: 13/15 MP: 2/9
   559 | D:1      | Learned a level 2 spell: Searing Ray
   960 | D:2      | Reached skill level 5 in Conjurations
   966 | D:2      | Reached XP level 3. HP: 6/19 MP: 0/10
  1052 | D:2      | Learned a level 3 spell: Dazzling Flash
  1209 | D:2      | Noticed Robin
  1211 | D:2      | Reached skill level 1 in Hexes
  1222 | D:2      | Killed Robin
  1417 | D:2      | Found a stormy altar of Qazlal.
  1456 | D:2      | Became a worshipper of Qazlal Stormbringer
  1797 | D:2      | Reached XP level 4. HP: 24/24 MP: 10/12
  1847 | D:2      | Learned a level 4 spell: Fulminant Prism
  2725 | D:3      | Noticed Jessica
  2728 | D:3      | Killed Jessica
  2729 | D:3      | Reached skill level 5 in Spellcasting
  2729 | D:3      | Reached XP level 5. HP: 20/28 MP: 8/14
  3197 | D:3      | Reached * piety under Qazlal
  3906 | D:4      | Found an ornate altar of the Wu Jian Council.
  3952 | D:4      | Found a staircase to the Ecumenical Temple.
  3962 | Temple   | Entered the Ecumenical Temple
  4169 | D:4      | Noticed an ogre
  4174 | D:4      | Killed an ogre
  4175 | D:4      | Reached XP level 6. HP: 32/32 MP: 6/17
  4188 | D:4      | Learned a level 4 spell: Iskenderun's Mystic Blast
  4320 | D:4      | Noticed Duvessa
  4320 | D:4      | Noticed Dowan
  4324 | D:4      | Killed Dowan
  4329 | D:4      | Slain by Duvessa

Illustrated notes

Levels and vault maps discovered:
D:1:      dpeg_arrival_fog, layout_basic, shapermc_ecumenical_altar_venn
D:2:      layout_basic, basic_altar, uniq_robin
D:3:      layout_loops_corners, uniq_jessica
D:4:      nicolae_cairo_tiling_large, layout_rooms, lemuel_crystal_altar,
          minmay_temple_entry_arrows, uniq_duvessa
Temple:   nicolae_temple_elliptical

Skill      XL: |  1  2  3  4  5 |
---------------+----------------+-----
Spellcasting   | 4 5 6 |  6.0
Conjurations   | 5 6 |  6.6
Hexes          | 2 3 |  3.0
Dodging        | |  2.4
Stealth        | |  2.4

Action                   |  1- 3 |  4- 6 || total
-------------------------+-------+-------++-------
 Cast: Magic Dart        |    80 |    78 ||   158
       Searing Ray       |     2 |     6 ||     8
       Fulminant Prism   |       |     1 ||     1
Evoke: Wand              |       |     1 ||     1
  Use: Scroll            |     2 |     3 ||     5
Armor: Robe              |    12 |       ||    12
       Animal skin       |     2 |     2 ||     4
Dodge: Dodged            |    33 |    11 ||    44
Block: Other             |       |     1 ||     1

Table legend: (Time is in decaauts)
 A = Elapsed time spent in this place.
 B = Non-inter-level travel time spent in this place.
 C = Inter-level travel time spent in this place.
 D = Time resting spent in this place.
 E = Time spent auto-exploring this place.
 F = Levels seen in this place.
 G = Mean time per level.
                   A        B        C        D        E       F      G
               +--------+--------+--------+--------+--------+-----+--------+
         Total |   4328 |   4264 |     64 |    244 |   3475 |   5 |  865.6 |
       Dungeon |   4179 |   4124 |     55 |    244 |   3349 |   4 | 1044.8 |
        Temple |    148 |    139 |      9 |      0 |    126 |   1 |  148.0 |
               +--------+--------+--------+--------+--------+-----+--------+

Top non-repeatable levels by time:
     D:2: 1678 daAuts
     D:3: 1090 daAuts
     D:1: 1046 daAuts
     D:4: 363 daAuts
  Temple: 148 daAuts
